Cogmind - Beta 14 @@@ ROGUE MODE // 2024.10.04 @ 19:02:02 Player: Nalzok Result: Destroyed by G-47 Trooper with Particle Gun Performance ------------- Evolutions (0) 0 Regions Visited (1) 200 Robots Destroyed (8) 40 Value Destroyed (86) 86 Prototype IDs (0) 0 Alien Tech Used (0) 0 Bonus (0) 0 TOTAL SCORE: 326 Bonus ------- None Cogmind --------- Core Integrity 0/250 Matter 285/300 Energy 50/100 System Corruption 0% Temperature Cool (9) Movement Rolling (80) Location -10/Materials Parts ------- > --- POWER (1) -------- (None) > --- PROPULSION (2) --- Wheel > --- UTILITY (2) ------ Medium Storage Unit > --- WEAPON (2) ------- (None) > --- INVENTORY (10) --- Light Ion Engine Medium Storage Unit Light Armor Plating Light Assault Rifle Peak State ------------ > --- POWER ------------ Light Ion Engine > --- PROPULSION ------- Aluminum Leg Aluminum Leg > --- UTILITY ---------- Small Storage Unit Light Armor Plating > --- WEAPON ----------- Medium Laser Small Laser > --- INVENTORY -------- Light Ion Engine Light Treads Light Treads Wheel Wheel Large Storage Unit EM Pulse Gun [Rating: 7] Favorites ----------- Power Ion Engine Engine Ion Engine Propulsion Aluminum Leg Leg Aluminum Leg Wheel Wheel Utility Small Storage Unit Device Structural Scanner Storage Small Storage Unit Protection Light Armor Plating Weapon Medium Laser Energy Gun Medium Laser Build | -11 -10 ------- Run | Yrd Mat Slots Evolved . | . . Power . | . . Propulsion . | . . Utility . | . . Weapon . | . . Parts Attached 11 | . 11 Power 3 | . 3 Engine 3 | . 3 Core . | . . Reactor . | . . Propulsion 3 | . 3 Treads . | . . Leg 1 | . 1 Wheel 2 | . 2 Hover . | . . Flight . | . . Utility 3 | . 3 Device 1 | . 1 Storage 1 | . 1 Processor . | . . Hackware . | . . Protection 1 | . 1 Artifact . | . . Weapon 2 | . 2 Energy Gun 2 | . 2 Energy Cannon . | . . Ballistic Gun . | . . Ballistic Cannon . | . . Launcher . | . . Special Weapon . | . . Impact Weapon . | . . Slashing Weapon . | . . Piercing Weapon . | . . Special Melee Weapon . | . . Unidentified Prototypes . | . . Parts Lost 6 | . 6 Power . | . . Propulsion 2 | . 2 Utility 1 | . 1 Weapon 3 | . 3 Highest Loss Streak 6 | . 6 To Critical Strikes . | . . Average Slot Usage (%) 95 | . 95 Engine 13 | . 13 Leg 26 | . 26 Device 6 | . 6 Storage 14 | . 14 Protection 5 | . 5 Energy Gun 27 | . 27 Peak Build Rating 7 | 6 7 Average Rating 6 | 6 6 On Entrance 6 | 6 6 Naked Turns . | . . Heaviest Build 19 | 11 19 Greatest Support 20 | 20 20 Greatest Overweight (x) 4 | . 4 Average Overweight (x) . | . . Largest Inventory Capacity 10 | 8 10 Average Capacity 8 | 8 8 Most Carried 8 | 6 8 Average Carried 7 | 6 7 Final Capacity 10 | 8 10 Final Carried 6 | 6 4 Class Distribution -------------------- 100% | Mutant Dominant Class ---------------- Mutant | -10/Materials Resources | -11 -10 ----------- Run | Yrd Mat Matter Collected 265 | 200 65 Remotely . | . . Salvage Created 122 | . 122 Parts 11 | . 11 Haulers Intercepted . | . . Recyclers Shooed 1 | . 1 Parts Field Recycled . | . . Retrieved Matter . | . . Parts Self-Destructed . | . . Prevented . | . . Kills | -11 -10 ------- Run | Yrd Mat Combat Hostiles Destroyed 7 | . 7 Guns 7 | . 7 Classes Destroyed 2 | . 2 Watcher 1 | . 1 Swarmer 7 | . 7 Best Kill Streak 3 | . 3 Combat Bots Only 2 | . 2 Max Kills in Single Turn 2 | . 2 Gunslinging 1 | . 1 Exploded . | . . Melee . | . . Uniques/NPCs Destroyed . | . . Combat | -11 -10 -------- Run | Yrd Mat Hostile Shots Fired 114 | . 114 Missed 29 | . 29 Damage Taken 815 | . 815 Core 263 | . 263 Absorbed by Shields . | . . Core Remaining (%) 100 | 100 . Volleys Fired 27 | . 27 Largest 2 | . 2 Hottest 90 | . 90 Shots Fired 39 | . 39 Gun 39 | . 39 Cannon . | . . Launcher . | . . Special . | . . Kinetic . | . . Thermal 34 | . 34 Explosive . | . . Electromagnetic 5 | . 5 Robot Hit Streak 4 | . 4 Robot Miss Streak 5 | . 5 Penetration Max . | . . Secondary Targets 2 | . 2 Max Gunslinging Chain 1 | . 1 Shots Hit Robots 19 | . 19 Core Hits 8 | . 8 Critical Kills . | . . Critical Parts Destroyed . | . . Critical Strikes 2 | . 2 Burn 2 | . 2 Melee Attacks . | . . Impact . | . . Slashing . | . . Piercing . | . . Sneak Attacks . | . . Combat Hostiles . | . . Follow-up Attacks . | . . Damage Inflicted 269 | . 269 Guns 263 | . 263 Cannons . | . . Explosions . | . . Melee . | . . Ramming 6 | . 6 Kinetic . | . . Thermal 240 | . 240 Explosive . | . . Electromagnetic 23 | . 23 Impact . | . . Slashing . | . . Piercing . | . . Highest Corruption . | . . Average Corruption . | . . Corruption Purged . | . . Corruption Blocked . | . . Overload Shots . | . . Overflow Damage . | . . Projectiles . | . . Explosions . | . . Melee . | . . Knockbacks . | . . Impact . | . . Kinetic . | . . Secondary . | . . Self-Inflicted Damage 3 | . 3 Shots . | . . Rammed 1 | . 1 Targets Rammed 1 | . 1 Kicked . | . . Crushed . | . . Highest Temperature 250 | . 250 Average Temperature 101 | . 101 Received Heat Transfer 153 | . 153 Siege Activations . | . . Robots Corrupted . | . . Combat Hostiles . | . . Parts Fried 1 | . 1 Impact Corruptions . | . . Robots Melted . | . . Combat Hostiles . | . . Parts Melted 2 | . 2 Heat Transferred 792 | . 792 Parts Sabotaged . | . . Parts Stolen . | . . Parts Stripped . | . . Power Chain Reactions . | . . Alert | -11 -10 ------- Run | Yrd Mat Peak Influence 180 | . 180 Initial . | . . Average 64 | . 64 Maximum Alert Level . | . . Low Security (%) 100 | 100 100 Level 1 . | . . Level 2 . | . . Level 3 . | . . Level 4 . | . . Level 5 . | . . High Security . | . . Max Security . | . . Squads Dispatched 1 | . 1 Investigation . | . . Extermination . | . . Reinforcement 1 | . 1 Assault . | . . Garrison . | . . Intercept . | . . Searches Triggered . | . . Construction Impeded . | . . Haulers Reinforced . | . . Active Scanning Responses . | . . Cargo Convoy Interrupts . | . . Stealth | -11 -10 --------- Run | Yrd Mat Distress Signals 1 | . 1 Communications Jammed . | . . Distress Signals . | . . Times Spotted 26 | . 26 Peak Tracking Total 7 | . 7 Tactical Retreats 2 | . 2 Traps | -11 -10 ------- Run | Yrd Mat Traps Triggered 2 | . 2 Indirectly . | . . Trap Hack Attempts . | . . Triggered . | . . Disarmed . | . . Reprogrammed . | . . Reused . | . . Traps Extracted . | . . Installed . | . . Triggered . | . . Machines | -11 -10 ---------- Run | Yrd Mat Machines Disabled . | . . Max in Single Turn . | . . Machines Repaired . | . . Machines Dismantled . | . . Machines Sabotaged . | . . Overloaded Fab Kills . | . . Hacking | -11 -10 --------- Run | Yrd Mat Machines Accessed 6 | . 6 Terminals 6 | . 6 Fabricators . | . . Repair Stations . | . . Recycling Units . | . . Scanalyzers . | . . Garrison Access . | . . Total Hacks 22 | . 22 Successful 12 | . 12 Failed 10 | . 10 Catastrophic 1 | . 1 Database Lockouts . | . . Manual 22 | . 22 Terminals 22 | . 22 Fabricators . | . . Repair Stations . | . . Recycling Units . | . . Scanalyzers . | . . Garrison Access . | . . Terminal Hacks 1 | . 1 Terminal Index 1 | . 1 Fabricator Hacks . | . . Repair Station Hacks . | . . Recycling Unit Hacks . | . . Scanalyzer . | . . Garrison Access Hacks . | . . Unauthorized Hacks 11 | . 11 Terminals 11 | . 11 Assimilate 1 | . 1 Botnet 4 | . 4 Operators 1 | . 1 Skim 5 | . 5 Fabricators . | . . Repair Stations . | . . Recycling Units . | . . Scanalyzers . | . . Garrison Access . | . . Data Cores Recovered . | . . Used . | . . Hacking Detections 6 | . 6 Full Trace Events . | . . Feedback Events . | . . Feedback Blocked . | . . Robot Schematics Acquired . | . . Robots Built . | . . Authchips . | . . Time . | . . Total Robot Build Rating . | . . Part Schematics Acquired . | . . Parts Built . | . . Authchips . | . . Time . | . . Total Part Build Rating . | . . Parts Repaired . | . . Time . | . . Parts Recycled . | . . Recycled Matter . | . . Retrieved Matter . | . . Retrieved Components . | . . Parts Scanalyzed . | . . Part Schematics Acquired . | . . Parts Damaged . | . . Bothacking | -11 -10 ------------ Run | Yrd Mat Used RIF Installer . | . . Robots Hacked . | . . Non-combat . | . . Combat . | . . Robot Hacks Applied . | . . Relay Couplers Released . | . . Fabnet Peak Effective % . | . . Robots Rewired . | . . Allies Hacked . | . . Hacks Repelled . | . . Allies | -11 -10 -------- Run | Yrd Mat Total Allies 1 | . 1 Largest Group 1 | . 1 Highest-Rated Group 10 | . 10 Highest-Rated Ally 10 | . 10 Total Orders 4 | . 4 STAY 1 | . 1 ROAM 2 | . 2 FOLLOW 1 | . 1 Ally Attacks . | . . Total Damage . | . . Kills . | . . Allies Corrupted . | . . Allies Melted . | . . Intel | -11 -10 ------- Run | Yrd Mat Robot Analysis Total . | . . Derelict Logs Recovered . | . . Drone Launches . | . . Drone Recoveries . | . . Exploration | -11 -10 ------------- Run | Yrd Mat Turns Passed 847 | 5 842 Spaces Moved 587 | 5 582 Core 4 | . 4 Treads . | . . Legs 570 | 5 565 Wheels 13 | . 13 Hover . | . . Flight . | . . Fastest Speed 80 | 120 80 Average Speed 120 | 120 120 Slowest Speed 250 | 120 250 Overloaded Moves . | . . Propulsion Burnouts . | . . Robots Hopped . | . . Cave-ins Triggered . | . . Exploration Rate (%) 41 | 2 81 Regions Visited 1 Branch Regions . Pre-discovered Areas . | . . Known Exits Taken . | . . Unknown Exits Taken 1 | 1 . Scrap Searched . | . . Spaces Dug . | . . Terrain Destroyed . | . . Melee . | . . Projectile . | . . AOE . | . . Terrain Rammed . | . . Walls Destroyed . | . . Machines Disabled . | . . Actions | -11 -10 --------- Run | Yrd Mat Total 691 | 4 687 Wait 53 | . 53 Move 586 | 4 582 Hop . | . . Pick Up 5 | . 5 Fast Attach 5 | . 5 Attach 3 | . 3 Detach . | . . Swap 3 | . 3 Drop 8 | . 8 Fire 27 | . 27 Melee . | . . Ram 1 | . 1 Kick . | . . Crush . | . . Escape Stasis . | . . Rewire . | . . Trap . | . . Miscellaneous . | . . Route ------- -11/Scrapyard -10/Materials (discovered 3 exits: [*Mat x2] / [*Min]) History --------- Turn | Location | Event 1 | -11/Scrapyard | Discovered new exit (range 2) 6 | -11/Scrapyard | Entered Materials 304 | -10/Materials | Build established: Mutant 370 | -10/Materials | Discovered new exit (range 15) 455 | -10/Materials | Discovered new exit (range 15) 645 | -10/Materials | Discovered new exit (range 16) 815 | -10/Materials | Core integrity fell below 50% 820 | -10/Materials | Core integrity fell below 20% 848 | -10/Materials | Destroyed by G-47 Trooper with Particle Gun Last Messages --------------- within the floor. 00811_ Med. Laser severed. 00811_ Aluminum Leg severed. 00811_ Ion Engine severed. 00811_ U-05 Engineer lays Concrete. 00813_ K-01 Serf destroyed. 00813_ Acquired Med. Laser. 00814_ R-06 Scavenger collects Ion Engine. 00814_ U-05 Engineer lays Concrete. 00815_ K-01 Serf collects debris. 00817_ Med. Laser destroyed. 00818_ R-06 Scavenger collects Aluminum Leg. 00818_ K-01 Serf collects debris. 00828_ Technician 1a destroyed. 00834_ Flight Unit fried. 00834_ S-10 Pest destroyed. 00835_ EM Pulse Gun destroyed. 00838_ Slammed into S-10 Pest. 00839_ Wheel destroyed. 00843_ Structural Scanner destroyed. Map ----- +----------------------------------------------------+ | # # """""??????????????????? | | # + """""#?????????????????? | | # # """""#?????????????????? | | ##### ###+####### # """""#?????????????????? | | ! ## ## #??# # """""#?????????????????? | | ! ## ## #??# # #?????????????????? | | ! ## ## """ #??# ##########?????????????????? | | ## ## """ #??# #??????????????????????????? | | ## ## """ #### #??????????????????????????? | | ## ## + #??????????????????????????? | | +### # #####+#####???????????????????????? | | # """## #???????????????????????? | | # R"## """ #???????????????????????? | | # """## """"" #??????########?????????? | | #### # ## """"" #??????########?????????? | | #??##########+### """"" #??????## ##??## | | #???# * #?# """ ######### ##??######## | | #???# "" #?# ######### ######"""""# | | #???# "Y #?# "T" # ## ######""T""# | | #???# "" #?# """ # ??## ## T | | #???# #?########## ???## %+ %* | | #???# """ #?????????## ???## ## *== "" | | #???# """ ############ !????## ## =!/ "" | | ##### """ ############ ## ## ^ "" | | #########/####### ##+#########+## ^!!! | | ru @ us g g !! | | < gg !! | | k %s | | #########+## #### ##+############ | | ???? # #### "|"!" # #########+######## | | ????? # ####""|"!""#"""?????????# #### | | ??? # ############""" ????????????????????? | | ? # ############""" ????????????????????? | | # ##?######### ??????????????????? | | # ##?###############??????????????????? | | # ##?## """ """ ####??????????????????? | | ############ ##?## """ """ ##????????????????????? | | ######## ##?## """ """ ##????????????????????? | | ##?## ##????????????????????? | | ##?## ##????????????????????? | | ##?## ##????????????????????? | | ####### ##?## ##????????????????????? | | ################# ##????????????????????? | | #####################/######????????????????????? | | ^ #####????????????????????? | | ^ ##???????????????????????? | | ^ ##???????????????????????? | | ############ ## ##???????????????????????? | | ############ ## ##???????????????????????? | | ##????????##! !## ###??????????????????????? | +----------------------------------------------------+ Best States ------------- Heat Dissipation 25 Energy Generation 10 Energy Capacity 250 Matter Stores 300 Matter Capacity 300 Sight Range 16 Terrain Scan Density 10 Armor Coverage 150 Evasion (%) 55 Item Schematics ----------------- None Robot Schematics ------------------ None Fabricated ------------ Nothing Alien Tech Used ----------------- None Achievements -------------- None Challenges ------------ None Game ------ Seed TeslaBlastCompactor Manual? 0 Play Time 00:15:20 Cumulative 357.4 hours Start 2024.09.07 @ 16:35:51 End 2024.10.04 @ 19:02:02 Sessions 2 Manual Loads 0 Difficulty Rogue Special Mode None Game No. 499 Rogue 496 Adventurer 2 Explorer 1 Win Type - Total 3 Types 3/0/0/0/0/0/0/0/0 Lore% 43 Gallery% 74 Achievement% 61 Wizard Run 0 Options --------- Layout 1 ASCII 1 Keyboard 1 Movement Vi Keybinds 0 Fullscreen 1 Font 24/Smallcaps Map View 50x40 Zoom Use 0% Tactical HUD 1 Map Filters NONE Filters LOW_CONTRAST(13,24,33) Steam 1 RUN: 26cd8ac2-3ea9-44f7-8b7c-4ba3486f36f9